Map: Ruins of Seras

Players

Hydra - Winner!

  • Race: Zerg Zerg

Neeb

  • Race: Protoss Protoss

Event: 2016 WCS Winter Circuit Championship

VOD

Have the link to the VOD?

Description

Time

  • Played on: March 4, 2016, 8:02 a.m.
  • Length: 11:43

All games in this series

Show
View Real Time Build Order
Export as new Build Order

Hydra Zerg - Winner!

Build Orders: 3 Hatch before Pool, Lurkers 

Get SALT Encoding   

  12  0:00  Drone  
  13  0:12  Overlord  
  13  0:17  Drone  
  14  0:30  Drone x2  
  14  0:34  Drone  
  17  0:52  Hatchery  
  17  0:55  Drone  
  17  0:59  Drone  
  18  1:07  Drone  
  19  1:22  Hatchery  
  19  1:25  Drone  
  19  1:28  Drone  
  20  1:38  Extractor  
  19  1:42  Spawning Pool  
  19  1:45  Drone  
  19  1:49  Drone  
  20  2:00  Drone  
  21  2:05  Drone  
  22  2:11  Drone  
  22  2:15  Drone  
  24  2:21  Overlord  
  24  2:29  Queen x2  
  28  2:33  Queen  
  30  2:38  Metabolic Boost  
  30  2:42  Zergling x2  
  30  2:43  Zergling x2  
  32  2:46  Drone  
  32  2:48  Drone  
  32  2:50  Drone  
  35  2:53  Drone  
  35  2:57  Overlord  
  36  3:02  Drone  
  36  3:03  Drone  
  38  3:08  Queen  
  38  3:11  Zergling x2  
  38  3:12  Zergling x2  
  42  3:16  Zergling x2  
  42  3:18  Drone  
  42  3:19  Drone  
  45  3:20  Drone  
  45  3:23  Drone  
  47  3:27  Overlord  
  47  3:29  Drone  
  47  3:31  Drone  
  49  3:37  Drone  
  50  3:41  Overlord  
  50  3:45  Drone x2  
  50  3:46  Drone x2  
  54  3:48  Drone  
  54  3:49  Drone x2  
  54  3:50  Drone  
  54  3:52  Overlord  
  57  3:56  Extractor  
  57  4:00  Drone  
  57  4:01  Drone x2  
  57  4:02  Drone  
  60  4:06  Roach Warren, Drone  
  60  4:08  Lair  
  60  4:12  Drone  
  60  4:13  Drone x3  
  60  4:16  Drone  
  65  4:17  Drone  
  65  4:18  Drone  
  65  4:19  Drone  
  65  4:20  Drone  
  65  4:21  Drone  
  65  4:24  Extractor  
  69  4:27  Overlord  
  69  4:28  Drone x2  
  69  4:29  Drone, Extractor  
  71  4:34  Extractor, Overlord  
  71  4:36  Drone  
  71  4:38  Drone  
  71  4:43  Spore Crawler, Extractor  
  71  4:44  Drone  
  71  4:45  Spore Crawler, Drone  
  71  4:48  Spore Crawler, Drone  
  71  4:49  Drone  
  71  4:52  Drone  
  73  4:53  Drone  
  73  4:56  Overlord  
  73  5:01  Drone  
  73  5:03  Drone x2  
  73  5:04  Drone, Zergling x6  
  73  5:05  Zergling x2  
  81  5:08  Spire  
  81  5:10  Hydralisk Den  
  81  5:12  Drone  
  81  5:13  Pneumatized Carapace  
  80  5:15  Overseer  
  80  5:19  Zergling x12  
  86  5:25  Zergling x2  
  86  5:26  Zergling x6  
  90  5:33  Overlord x2  
  90  5:34  Overlord x2  
  89  5:36  Drone  
  85  5:52  Drone x2  
  85  5:54  Drone x2  
  88  5:57  Drone x2  
  88  6:02  Drone  
  88  6:06  Drone x2  
  88  6:08  Drone  
  88  6:09  Hatchery  
  90  6:13  Drone  
  90  6:16  Overlord x2  
  90  6:20  Overseer  
  90  6:22  Corruptor x5  
  90  6:24  Evolution Chamber  
  97  6:28  Corruptor  
  97  6:30  Corruptor  
  101  6:33  Corruptor  
  99  6:42  Corruptor x2  
  99  6:46  Drone x2  
  105  6:49  Zerg Missile Weapons Level 1  
  105  6:51  Drone  
  105  6:52  Lurker Den  
  106  6:57  Drone  
  106  6:58  Drone x2  
  109  7:05  Drone x2  
  109  7:06  Hydralisk x4  
  115  7:18  Overlord  
  115  7:19  Mutalisk x3  
  115  7:20  Mutalisk  
  125  7:26  Queen  
  125  7:29  Corruptor  
  125  7:37  Corruptor  
  125  7:38  Drone x5  
  125  7:39  Drone x3  
  135  7:46  Infestation Pit  
  135  7:49  Overlord x2  
  135  7:50  Hydralisk x3  
  140  7:58  Corruptor  
  138  8:04  Drone x3  
  141  8:19  Muscular Augments  
  141  8:23  Lurker x2  
  141  8:25  Extractor, Drone x6  
  148  8:27  Extractor  
  147  8:37  Overlord x2  
  147  8:38  Overlord  
  147  8:39  Queen, Hive  
  146  8:53  Overlord  
  146  8:54  Overlord x5  
  146  8:56  Zerg Missile Weapons Level 2  
  146  8:58  Hydralisk x8  
  162  9:16  Hydralisk  
  161  9:17  Hydralisk x7  
  161  9:22  Overlord x2  
  164  9:33  Hydralisk x4  
  164  9:34  Hydralisk x4  
  164  9:37  Queen  
  178  9:42  Hydralisk x3  
  182  9:53  Drone x2  
  182  9:59  Hydralisk x6  
  196  10:02  Overseer  
  190  10:07  Zergling x12  
  190  10:08  Zergling x8  
  190  10:09  Overseer  
  190  10:14  Overseer x2  
  199  10:33  Hatchery  
  193  10:54  Lurker x9  
  193  10:56  Lurker  
Show
View Real Time Build Order
Export as new Build Order

Neeb Protoss 

Build Orders: 1 Gate Expand 

Get SALT Encoding   

  12  0:01  Probe (Chrono Boost)  
  13  0:11  Probe (Chrono Boost)  
  14  0:18  Pylon  
  14  0:22  Probe (Chrono Boost)  
  15  0:36  Probe (Chrono Boost)  
  15  0:37  Gateway  
  16  0:46  Probe (Chrono Boost)  
  17  0:57  Probe (Chrono Boost)  
  17  0:58  Assimilator  
  18  1:08  Probe (Chrono Boost)  
  19  1:20  Nexus  
  19  1:24  Probe (Chrono Boost)  
  20  1:33  Cybernetics Core  
  20  1:37  Probe (Chrono Boost)  
  21  1:45  Assimilator  
  21  1:48  Probe (Chrono Boost)  
  21  1:53  Pylon  
  22  1:58  Probe (Chrono Boost)  
  23  2:10  Warp Gate  
  23  2:11  Probe  
  23  2:12  Adept (Chrono Boost)  
  26  2:24  Probe (Chrono Boost)  
  27  2:33  Probe (Chrono Boost)  
  27  2:35  Probe (Chrono Boost), Stalker  
  32  2:44  Probe (Chrono Boost)  
  32  2:46  Mothership Core (Chrono Boost)  
  34  2:54  Probe (Chrono Boost)  
  35  3:03  Pylon  
  35  3:05  Probe x2 (Chrono Boost)  
  37  3:15  Probe x2 (Chrono Boost)  
  39  3:20  Gateway  
  39  3:21  Gateway  
  39  3:26  Probe x2 (Chrono Boost)  
  41  3:27  Stargate  
  41  3:31  Stargate  
  41  3:36  Probe (Chrono Boost)  
  41  3:37  Probe (Chrono Boost)  
  41  3:40  Assimilator  
  43  3:44  Assimilator  
  43  3:47  Probe x2 (Chrono Boost)  
  45  3:57  Probe (Chrono Boost)  
  45  3:58  Probe (Chrono Boost)  
  47  4:03  Pylon  
  47  4:04  Protoss Air Weapons Level 1  
  47  4:07  Probe (Chrono Boost)  
  47  4:08  Probe (Chrono Boost)  
  49  4:11  Phoenix (Chrono Boost)  
  49  4:16  Phoenix (Chrono Boost)  
  53  4:19  Probe  
  53  4:21  Probe  
  53  4:24  Pylon  
  55  4:25  Pylon  
  55  4:31  Probe  
  56  4:33  Probe  
  56  4:34  Phoenix (Chrono Boost)  
  59  4:39  Phoenix (Chrono Boost)  
  61  4:47  Adept x3  
  67  4:57  Phoenix (Chrono Boost)  
  69  5:06  Nexus  
  69  5:07  Pylon  
  69  5:14  Phoenix (Chrono Boost)  
  71  5:19  Phoenix (Chrono Boost)  
  73  5:25  Adept x2  
  73  5:26  Adept  
  81  5:35  Phoenix (Chrono Boost)  
  81  5:38  Probe x2  
  81  5:41  Phoenix (Chrono Boost)  
  85  5:44  Pylon  
  85  5:53  Probe  
  86  5:57  Pylon  
  86  6:02  Phoenix (Chrono Boost), Probe  
  89  6:05  Probe  
  89  6:06  Sentry  
  89  6:09  Phoenix (Chrono Boost)  
  92  6:11  Assimilator  
  92  6:13  Assimilator  
  92  6:14  Probe  
  92  6:17  Probe  
  94  6:22  Probe  
  95  6:26  Phoenix (Chrono Boost), Robotics Facility, Probe  
  95  6:29  Probe  
  95  6:32  Forge, Probe  
  99  6:38  Probe  
  99  6:39  Phoenix (Chrono Boost)  
  103  6:41  Probe  
  103  6:45  Robotics Facility, Probe  
  105  6:50  Probe  
  105  6:53  Probe  
  107  6:55  Probe  
  107  6:58  Twilight Council  
  108  7:03  Probe  
  108  7:05  Probe  
  108  7:07  Protoss Ground Weapons Level 1 (Chrono Boost)  
  108  7:08  Pylon, Probe  
  110  7:09  Pylon  
  110  7:15  Probe  
  112  7:21  Observer  
  117  7:28  Charge  
  119  7:34  Immortal  
  117  7:41  Warp Prism  
  115  7:45  Gateway  
  115  7:46  Gateway  
  115  7:50  Gateway  
  115  7:51  Gateway x2, Zealot x3  
  115  7:54  Templar Archives  
  115  7:55  Pylon  
  117  8:08  Immortal  
  117  8:17  Immortal, Zealot x3  
  129  8:26  Pylon  
  129  8:28  Pylon  
  129  8:42  Immortal  
  129  8:46  Dark Shrine  
  133  8:50  Zealot x4  
  133  8:53  Nexus  
  141  8:57  Immortal  
  145  9:03  Protoss Ground Weapons Level 2 (Chrono Boost)  
  145  9:04  Pylon  
  145  9:14  Stalker x3  
  150  9:29  Probe  
  150  9:38  Nexus, Zealot x7  
  164  9:43  Pylon x2  
  162  9:48  Immortal  
  158  9:59  Probe  
  145  10:03  High Templar x7  
  145  10:04  High Templar  
  157  10:10  Warp Prism  
  157  10:15  Archon x2  
  157  10:16  Archon  
  157  10:17  Archon  
  157  10:18  Oracle  
  157  10:19  Oracle  
  163  10:32  Pylon  
  163  10:33  Pylon  
  163  10:36  High Templar x2  
  163  10:37  Zealot x5  
  163  10:41  Archon  
  163  11:01  Immortal  
  163  11:05  Zealot x6  
  141  11:30  Zealot x7  
Tags
 
Add a new tag
Caveats
  • Supply blocks, unpowered buildings, or Contaminate may cause inaccurate times.
  • Supply counts are checked every 10 seconds.